 Dungeon Crawl Stone Soup version 0.22-a0-596-gfbd32a6 (webtiles) character file.

28 Lianjan the Magician (level 2, -7/15 HPs)
             Began as a Deep Elf Fire Elementalist on July 6, 2018.
             Mangled by Terence
             ... wielding a +3 flail of protection
              (10 damage)
             ... on level 2 of the Dungeon.
             The game lasted 00:02:28 (886 turns).

Lianjan the Magician (Deep Elf Fire Elementalist)    Turns: 886, Time: 00:02:28

Health: -7/15      AC:  2    Str:  5    XL:     2   Next: 96%
Magic:  3/8        EV: 13    Int: 19    God:
Gold:   14         SH:  0    Dex: 15    Spells: 7/8 levels left

rFire    . . .     SeeInvis .   f - +0 short sword
rCold    . . .     Gourm    .   (no shield)
rNeg     . . .     Faith    .   a - +0 robe
rPois    .         Spirit   .   (no helmet)
rElec    .         Reflect  .   (no cloak)
rCorr    .         Harm     .   (no gloves)
MR       .....                  (no boots)
Stlth    ++........             (no amulet)
HPRegen  0.05/turn              (no ring)
MPRegen  0.11/turn              (no ring)

@: very slightly contaminated
A: no striking features
a: no special abilities


You were on level 2 of the Dungeon.
You were not hungry.

You visited 1 branch of the dungeon, and saw 2 of its levels.

You collected 14 gold pieces.

Inventory:

Hand Weapons
 f - a +0 short sword (weapon)
Missiles
 e - 7 poisoned needles
 j - 26 stones (quivered)
Armour
 a - a +0 robe (worn)
Jewellery
 b - an uncursed ring of protection from cold {unknown}
Scrolls
 h - 2 scrolls of identify {unknown}
 k - a scroll of amnesia {unknown}
Potions
 g - a potion of curing {unknown}
 i - a potion of berserk rage {unknown}
Comestibles
 c - 3 rations
 d - 7 chunks of flesh


   Skills:
 - Level 2.4 Dodging
 - Level 2.4 Stealth
 + Level 3.7 Spellcasting
 * Level 2.7 Conjurations
 - Level 3.2 Fire Magic


You had 7 spell levels left.
You knew the following spells:

 Your Spells              Type           Power        Failure   Level  Hunger
a - Flame Tongue          Conj/Fire      ###..        4%          1    None

Your spell library contained the following spells:

 Spells                   Type           Power        Failure   Level  Hunger
 Fireball                 Conj/Fire      ###.......   75%         5    ######.
 Conjure Flame            Conj/Fire      ###.....     12%         3    ###....
 Throw Flame              Conj/Fire      ###...       6%          2    ##.....
 Sticky Flame             Conj/Fire      ###.....     38%         4    ####...
 Inner Flame              Hex/Fire       #.......     22%         3    ###....


Dungeon Overview and Level Annotations

Branches:
Dungeon (2/15)

Altars:

Annotations:
D:2 Terence


Message History

The flame tongue hits Terence.
Terence appears unharmed.
Terence is moderately wounded.
Terence barely misses you.
Casting: Flame Tongue (safe; 4% risk of failure)
Confirm with . or Enter, or press ? or * to list all spells.
Aiming: Flame Tongue (safe; 4% risk of failure)
Press: ? - help, Shift-Dir - straight line, f/p - Terence
Aim: Terence, wielding a flail of protection and wearing a scale mail (moderately wounded)
The flame tongue hits Terence.
Terence is moderately wounded.
Casting: Flame Tongue (safe; 4% risk of failure)
Confirm with . or Enter, or press ? or * to list all spells.
Aiming: Flame Tongue (safe; 4% risk of failure)
Press: ? - help, Shift-Dir - straight line, f/p - Terence
Aim: Terence, wielding a flail of protection and wearing a scale mail (moderately wounded)
The flame tongue hits Terence.
Terence is heavily wounded.
Terence hits you with a flail of protection!
Ouch! That really hurt!
You die...

..r...# ......#
### #....# #..
+....#
#.###...## ###
#.#.r....# #<#
#.#.####.#
#.#########.#.#
#
#......@@r....#
###########.###
#... #####


You could see Terence and a rat.

Vanquished Creatures
  An ooze (D:1)
  A dart slug (D:1)
  A leopard gecko (D:1)
  4 hobgoblins
  2 kobolds (D:1)
  A ball python (D:1)
  6 bats (D:1)
  2 frilled lizards (D:1)
  A goblin (D:1)
  3 rats (D:1)
22 creatures vanquished.

Notes
Turn   | Place    | Note
-------+----------+-------------------------------------------
     0 | D:1      | Lianjan the Deep Elf Fire Elementalist began the quest for the Orb.
     0 | D:1      | Reached XP level 1. HP: 10/10 MP: 6/6
   287 | D:1      | Reached XP level 2. HP: 15/15 MP: 4/8
   869 | D:2      | Noticed Terence
   886 | D:2      | Mangled by Terence

Vault maps used:
D:1:      roderic_crossed_star
D:2:      uniq_terence

Skill      XL: |  1 |
---------------+----+-----
Conjurations   | 2 |  2.7
Dodging        | |  2.4
Stealth        | |  2.4
Spellcasting   | |  3.7
Fire Magic     | |  3.2

Action                   || total
-------------------------++-------
Melee: Unarmed           ||    10
 Cast: Flame Tongue      ||    38
Armor: Robe              ||     4
Dodge: Dodged            ||    20

Table legend:
 A = Spawn XP
 B = Non-spawn XP
 C = Spawn XP percentage of total XP
 D = Spawn monster count
 E = Non-spawn monster count
 F = Spawn count percentage of total count
 G = Total turns spent on level
                    A         B        C        D         E        F      G
               +---------+---------+-------+---------+---------+-------+---------
         Total |       0 |      40 |   0.0 |       0 |      22 |   0.0 |   886
               +---------+---------+-------+---------+---------+-------+---------
           D:1 |       0 |      38 |   0.0 |       0 |      21 |   0.0 |   850
           D:2 |       0 |       2 |   0.0 |       0 |       1 |   0.0 |    36
               +---------+---------+-------+---------+---------+-------+---------
